[ AOE2 MATCH · #506117441 ]
UnrankedTupi vs Lithuanians
Player's team · WIN
[ REPLAY ANALYSIS · EXTRACTED FROM THE RECORDED GAME ]
Feudal
10:05
Castle
14:44
Imperial
—
| APM avg | 51.0 |
| APM peak | 96 |
| eAPM avg | 27.2 |
| Villagers / military | 39 / 5 |
Focus
⚔️ 47.9% · 🌾 52.1%
Unknown (2579) ×51 · Mangonel ×4 · Battering Ram ×1
Feudal
10:32
Castle
21:53
Imperial
—
| APM avg | 68.8 |
| APM peak | 96 |
| eAPM avg | 24.0 |
| Villagers / military | 49 / 23 |
Focus
⚔️ 38.3% · 🌾 61.7%
Skirmisher ×9 · Archer ×8 · Militia ×6
Match map
Initial resources + every placement click. Lines = walls · curves = elevation contours. ◆ gold · ⬟ stone · ● berries · ✦ relic · ◌ wall gap
Your base· Open — unwalled flank
CNZS_Donghaidi's base· Open — 5t gap
Smoothed initial terrain · ◌ = detected wall gap · hover for details
Inputs per minute
— wR.Monoz - - CNZS_Donghaidi
Build order — wR.Monoz
113 actions detected in the replay
| 0:00 | Create | Villager (Male) |
| 0:00 | Create | Villager (Male) |
| 0:01 | Create | Villager (Male) |
| 0:01 | Create | Villager (Male) |
| 0:02 | Build | House |
| 0:02 | Build | House |
| 1:13 | Create | Villager (Male) |
| 1:13 | Create | Villager (Male) |
| 1:21 | Create | Villager (Male) |
| 1:21 | Create | Villager (Male) |
| 1:47 | Build | House |
| 1:58 | Create | Villager (Male) |
| 1:58 | Create | Villager (Male) |
| 1:59 | Create | Villager (Male) |
| 2:10 | Build | Settlement |
| 2:29 | Create | Villager (Male) |
| 2:30 | Create | Villager (Male) |
| 2:36 | Create | Villager (Male) |
| 2:36 | Create | Villager (Male) |
| 3:02 | Create | Villager (Male) |
| 3:02 | Create | Villager (Male) |
| 3:44 | Create | Villager (Male) |
| 3:44 | Create | Villager (Male) |
| 4:05 | Create | Villager (Male) |
| 4:05 | Create | Villager (Male) |
| 4:09 | Create | Villager (Male) |
| 4:10 | Create | Villager (Male) |
| 4:30 | Create | Villager (Male) |
| 4:33 | Create | Villager (Male) |
| 4:33 | Create | Villager (Male) |
| 5:10 | Create | Villager (Male) |
| 5:10 | Create | Villager (Male) |
| 5:10 | Create | Villager (Male) |
| 5:39 | Build | Settlement |
| 5:49 | Create | Villager (Male) |
| 6:22 | Create | Villager (Male) |
| 6:22 | Create | Villager (Male) |
| 6:48 | Research | Loom |
| 7:40 | Research | Feudal Age |
| 7:40 | Create | Villager (Male) |
| 7:51 | Build | Settlement |
| 10:02 | Build | Palisade Wall |
| 10:04 | Build | Palisade Wall |
| 10:05 | Age | Feudal Age |
| 10:08 | Create | Villager (Male) |
| 10:10 | Build | Market |
| 10:11 | Build | Blacksmith |
| 11:38 | Build | House |
| 11:40 | Build | Palisade Wall |
| 11:42 | Build | Palisade Wall |
| 11:44 | Build | Palisade Wall |
| 11:54 | Build | Palisade Wall |
| 12:04 | Research | Castle Age |
| 12:04 | Research | Castle Age |
| 12:23 | Create | Villager (Male) |
| 13:50 | Research | Fletching |
| 13:50 | Research | Fletching |
| 14:44 | Age | Castle Age |
| 14:47 | Build | Castle |
| 15:00 | Research | Fletching |
| 15:00 | Research | Fletching |
| 15:37 | Create | Unit 2579 |
| 15:38 | Create | Unit 2579 |
| 15:50 | Create | Villager (Male) |
| 15:50 | Create | Villager (Male) |
| 16:32 | Create | Unit 2579 |
| 16:32 | Create | Unit 2579 |
| 17:16 | Create | Unit 2579 ×3 |
| 17:17 | Create | Unit 2579 ×3 |
| 17:17 | Create | Unit 2579 ×3 |
| 17:36 | Build | Farm |
| 17:37 | Build | Farm |
| 17:38 | Build | Farm |
| 17:39 | Build | Farm |
| 17:41 | Create | Unit 2579 |
| 17:41 | Create | Unit 2579 |
| 17:41 | Create | Unit 2579 |
| 17:53 | Create | Unit 2579 |
| 17:53 | Create | Unit 2579 |
| 18:10 | Build | Farm |
| 18:16 | Create | Unit 2579 |
| 18:16 | Create | Unit 2579 |
| 18:39 | Create | Unit 2579 |
| 18:39 | Create | Unit 2579 |
| 18:42 | Create | Villager (Male) |
| 19:01 | Build | Siege Workshop |
| 19:09 | Create | Unit 2579 |
| 19:09 | Create | Unit 2579 |
| 19:09 | Create | Unit 2579 |
| 19:27 | Create | Unit 2579 ×2 |
| 19:28 | Create | Unit 2579 ×2 |
| 19:51 | Create | Villager (Male) |
| 19:52 | Create | Unit 2579 ×2 |
| 19:52 | Create | Unit 2579 ×2 |
| 20:22 | Create | Unit 2579 ×2 |
| 20:22 | Create | Unit 2579 ×2 |
| 20:38 | Create | Unit 2579 |
| 20:38 | Create | Unit 2579 |
| 20:46 | Create | Battering Ram |
| 20:56 | Create | Unit 2579 ×2 |
| 20:56 | Create | Unit 2579 ×2 |
| 21:19 | Research | Bodkin Arrow |
| 21:19 | Research | Bodkin Arrow |
| 21:32 | Create | Unit 2579 |
| 21:32 | Create | Unit 2579 |
| 22:19 | Create | Unit 2579 ×2 |
| 22:19 | Create | Unit 2579 ×2 |
| 22:25 | Create | Mangonel |
| 22:25 | Create | Mangonel |
| 22:26 | Create | Mangonel |
| 22:26 | Create | Mangonel |
| 22:30 | Create | Unit 2579 |
| 22:31 | Create | Unit 2579 |
Build order — CNZS_Donghaidi
145 actions detected in the replay
| 0:00 | Create | Villager (Male) |
| 0:01 | Create | Villager (Male) |
| 0:01 | Create | Villager (Male) |
| 0:01 | Create | Villager (Male) |
| 0:02 | Build | House |
| 0:04 | Build | House |
| 0:05 | Build | House |
| 0:12 | Create | Villager (Male) |
| 0:13 | Create | Villager (Male) |
| 1:24 | Create | Villager (Male) |
| 1:24 | Create | Villager (Male) |
| 1:50 | Create | Villager (Male) |
| 1:57 | Build | Lumber Camp |
| 2:25 | Create | Villager (Male) |
| 2:25 | Create | Villager (Male) |
| 2:52 | Create | Villager (Male) |
| 2:52 | Create | Villager (Male) |
| 3:09 | Create | Villager (Male) |
| 3:09 | Create | Villager (Male) |
| 3:38 | Create | Villager (Male) |
| 3:38 | Create | Villager (Male) |
| 3:52 | Build | House |
| 4:09 | Create | Villager (Male) |
| 4:29 | Build | Barracks |
| 4:56 | Build | House |
| 4:59 | Create | Villager (Male) |
| 5:00 | Create | Villager (Male) |
| 5:01 | Create | Villager (Male) |
| 5:13 | Build | Palisade Wall |
| 5:25 | Create | Militia |
| 5:42 | Create | Militia |
| 6:09 | Create | Villager (Male) |
| 6:15 | Create | Villager (Male) |
| 6:26 | Build | Mill |
| 6:56 | Build | House |
| 7:22 | Create | Villager (Male) |
| 7:37 | Build | Mining Camp |
| 7:49 | Create | Villager (Male) |
| 7:56 | Research | Loom |
| 8:22 | Research | Feudal Age |
| 8:23 | Research | Feudal Age |
| 8:41 | Create | Militia |
| 8:47 | Build | House |
| 8:59 | Create | Militia |
| 9:16 | Create | Militia |
| 9:40 | Create | Militia |
| 9:50 | Create | Villager (Male) |
| 10:32 | Age | Feudal Age |
| 10:35 | Research | Man-at-Arms (upgrade) |
| 10:42 | Research | Double-Bit Axe |
| 10:42 | Research | Double-Bit Axe |
| 10:51 | Build | Archery Range |
| 10:57 | Create | Villager (Male) |
| 11:14 | Create | Villager (Male) |
| 11:27 | Build | House |
| 11:33 | Create | Archer |
| 11:38 | Build | House |
| 11:39 | Create | Villager (Male) |
| 11:46 | Research | Arson |
| 11:58 | Create | Villager (Male) |
| 12:16 | Create | Archer |
| 12:23 | Build | Farm |
| 12:26 | Build | Farm |
| 12:27 | Build | Farm |
| 12:28 | Create | Villager (Male) |
| 12:43 | Build | Farm |
| 12:46 | Build | Farm |
| 12:55 | Build | House |
| 12:56 | Create | Villager (Male) |
| 12:58 | Build | Palisade Wall |
| 12:59 | Create | Archer |
| 13:13 | Create | Villager (Male) |
| 13:26 | Build | Watch Tower |
| 13:27 | Create | Archer |
| 13:32 | Create | Villager (Male) |
| 13:39 | Build | Farm |
| 13:40 | Create | Archer |
| 14:01 | Create | Villager (Male) |
| 14:07 | Create | Archer |
| 14:13 | Create | Villager (Male) |
| 14:23 | Build | House |
| 14:42 | Create | Villager (Male) |
| 14:43 | Build | Blacksmith |
| 14:56 | Create | Archer |
| 15:06 | Create | Villager (Male) |
| 15:18 | Create | Archer |
| 15:27 | Build | Stone Wall |
| 15:32 | Build | Stone Wall |
| 15:43 | Research | Fletching |
| 15:46 | Build | Farm |
| 15:48 | Build | Farm |
| 15:48 | Create | Villager (Male) |
| 15:52 | Build | House |
| 15:54 | Build | Mining Camp |
| 15:57 | Build | Stone Wall |
| 15:58 | Build | Stone Wall |
| 16:00 | Build | Stone Wall |
| 16:01 | Build | Stone Wall |
| 16:04 | Build | House |
| 16:04 | Create | Villager (Male) |
| 16:09 | Build | House |
| 16:10 | Build | House |
| 16:10 | Build | House |
| 16:11 | Build | House |
| 16:12 | Build | House |
| 16:19 | Create | Villager (Male) |
| 16:22 | Create | Skirmisher |
| 16:37 | Create | Villager (Male) |
| 16:49 | Create | Skirmisher |
| 16:58 | Build | House |
| 17:19 | Build | Stone Wall |
| 17:23 | Build | Stone Wall |
| 17:28 | Create | Skirmisher |
| 17:36 | Create | Villager (Male) |
| 17:45 | Build | Market |
| 17:48 | Build | Stone Wall |
| 18:01 | Build | Stone Wall |
| 18:05 | Create | Villager (Male) |
| 18:10 | Build | Stone Wall |
| 18:34 | Build | Stone Wall |
| 18:35 | Build | Stone Wall |
| 19:03 | Build | Watch Tower |
| 19:13 | Research | Castle Age |
| 19:13 | Research | Castle Age |
| 19:16 | Create | Skirmisher |
| 19:29 | Create | Skirmisher |
| 19:33 | Build | Palisade Gate |
| 19:35 | Build | House |
| 19:40 | Build | House |
| 19:45 | Build | Palisade Wall |
| 19:48 | Create | Skirmisher |
| 20:04 | Create | Skirmisher |
| 20:17 | Build | Stone Wall |
| 20:21 | Build | Stone Wall |
| 20:27 | Create | Skirmisher |
| 20:40 | Build | Farm |
| 21:09 | Create | Skirmisher |
| 21:28 | Build | Stone Wall |
| 21:30 | Build | Stone Wall |
| 21:41 | Create | Villager (Male) |
| 21:53 | Age | Castle Age |
| 22:11 | Create | Villager (Male) |
| 22:25 | Create | Villager (Male) |
| 22:28 | Create | Villager (Male) |
| 22:36 | Create | Villager (Male) |
Match timeline
| 4:29 | CNZS_Donghaidi · first_building Barracks |
| 5:13 | CNZS_Donghaidi · wall_segment Palisade Wall x1 |
| 10:02 | wR.Monoz · wall_segment Palisade Wall x1 |
| 10:04 | wR.Monoz · wall_segment Palisade Wall x1 |
| 10:05 | wR.Monoz · age_up feudal |
| 10:32 | CNZS_Donghaidi · age_up feudal |
| 10:51 | CNZS_Donghaidi · first_building Archery Range |
| 11:40 | wR.Monoz · wall_segment Palisade Wall x1 |
| 11:42 | wR.Monoz · wall_segment Palisade Wall x1 |
| 11:44 | wR.Monoz · wall_segment Palisade Wall x1 |
| 11:54 | wR.Monoz · wall_segment Palisade Wall x1 |
| 12:58 | CNZS_Donghaidi · wall_segment Palisade Wall x1 |
| 13:07 | wR.Monoz · first_market_buy 100 stone |
| 13:07 | wR.Monoz · first_market_sell 100 food |
| 14:44 | wR.Monoz · age_up castle |
| 14:47 | wR.Monoz · first_building Castle |
| 15:27 | CNZS_Donghaidi · wall_segment Stone Wall x3 |
| 15:32 | CNZS_Donghaidi · wall_segment Stone Wall x5 |
| 15:57 | CNZS_Donghaidi · wall_segment Stone Wall x1 |
| 15:58 | CNZS_Donghaidi · wall_segment Stone Wall x2 |
| 16:00 | CNZS_Donghaidi · wall_segment Stone Wall x2 |
| 16:01 | CNZS_Donghaidi · wall_segment Stone Wall x6 |
| 17:19 | CNZS_Donghaidi · wall_segment Stone Wall x1 |
| 17:23 | CNZS_Donghaidi · wall_segment Stone Wall x4 |
| 17:48 | CNZS_Donghaidi · wall_segment Stone Wall x3 |
| 18:01 | CNZS_Donghaidi · wall_segment Stone Wall x1 |
| 18:10 | CNZS_Donghaidi · wall_segment Stone Wall x1 |
| 18:34 | CNZS_Donghaidi · wall_segment Stone Wall x1 |
| 18:35 | CNZS_Donghaidi · wall_segment Stone Wall x1 |
| 18:39 | CNZS_Donghaidi · first_market_buy 100 food |
| 18:54 | CNZS_Donghaidi · first_market_sell 100 wood |
| 19:01 | wR.Monoz · first_building Siege Workshop |
| 19:45 | CNZS_Donghaidi · wall_segment Palisade Wall x1 |
| 20:17 | CNZS_Donghaidi · wall_segment Stone Wall x1 |
| 20:21 | CNZS_Donghaidi · wall_segment Stone Wall x1 |
| 21:28 | CNZS_Donghaidi · wall_segment Stone Wall x1 |
| 21:30 | CNZS_Donghaidi · wall_segment Stone Wall x1 |
| 21:53 | CNZS_Donghaidi · age_up castle |
| 22:41 | CNZS_Donghaidi · resign |
[ AI ANALYSIS · 1 CREDIT ]
What really happened in this match?
Wolo.gg analyzes every decision: build order, eco, micro, common mistakes by bracket. Personalized analysis on WhatsApp or Discord in 30 seconds.
Civ guide
Tupi
Perfil
Jugador #6779041